 Dungeon Crawl Stone Soup version 0.27-a0-54-g64bdb92e38 (webtiles) character file.

Game seed: 10141303563277387017

694 Borgoz the Cutter (level 7, -2/44 HPs)
             Began as a Kobold Gladiator on Jan 7, 2021.
             Slain by a hornet (9 damage)
             ... while paralysed by a hornet
             ... on level 5 of the Dungeon.
             The game lasted 00:07:52 (5198 turns).

Borgoz the Cutter (Kobold Gladiator)                Turns: 5198, Time: 00:07:53

Health: -2/44      AC:  8    Str: 13    XL:     7   Next: 96%
Magic:  7/7        EV:  3    Int: 10    God:
Gold:   178        SH:  0    Dex: 16    Spells: 6/6 levels left

rFire    . . .     SeeInvis .   a - +0 rapier
rCold    . . .     Faith    .   (shield restricted)
rNeg     . . .     Spirit   .   k - +0 scale mail
rPois    .         Reflect  .   c - +0 helmet
rElec    .         Harm     .   (no cloak)
rCorr    .         Rampage  .   e - +0 pair of gloves
Will     .....                  (no boots)
Stlth    +.........             (no amulet)
HPRegen  0.14/turn              (no ring)
MPRegen  0.10/turn              (no ring)

@: paralysed, mighty, slowed
A: small, nightstalker 3
a: no special abilities


You were on level 5 of the Dungeon.
You visited 1 branch of the dungeon, and saw 6 of its levels.

You collected 178 gold pieces.

Inventory:

Hand Weapons
 a - a +0 rapier (weapon)
Missiles
 d - a throwing net (quivered)
Armour
 c - a +0 helmet (worn)
 e - a +0 pair of gloves (worn)
 k - a +0 scale mail (worn)
Jewellery
 g - an uncursed ring of ice
Scrolls
 h - 2 scrolls of remove curse
 l - 2 scrolls of teleportation
 o - a scroll of amnesia
Potions
 b - 3 potions of degeneration {unknown}
 i - a potion of lignification {unknown}
 j - a potion of berserk rage {unknown}
 m - a potion of magic
 n - a potion of haste
 p - 2 potions of mutation {unknown}


   Skills:
 + Level 4.9 Fighting
 + Level 6.6 Short Blades
 + Level 4.9 Throwing
 + Level 6.0 Dodging


You had 6 spell levels left.
You didn't know any spells.
Your spell library was empty.

Dungeon Overview and Level Annotations

Branches:
Dungeon (6/15)
 Temple: D:4-7

Altars:
Ashenzari
Hepliaklqana
Trog

Annotations:
D:6 2 runed translucent doors


Innate Abilities, Weirdness & Mutations

You are small and have problems with some larger weapons.
You are completely attuned to the shadows.


Message History

The hornet is lightly wounded.
The hornet struggles against the net. x2
You are too injured to fight recklessly!
You are too injured to fight recklessly!
You are too injured to fight recklessly!
You are too injured to fight recklessly!
You catch the helpless hornet completely off-guard!
You puncture the hornet!
The hornet is moderately wounded.
The hornet struggles against the net. x2
The net rips apart, and the hornet comes free!
Throw: throwing net
Press: ? - help, Q - select action Shift-Dir - straight line, f/p - hornet
Aim: a hornet (moderately wounded)
Okay, then.
You feel very mighty all of a sudden. The hornet closely misses you.
The hornet stings you.
* * * LOW HITPOINT WARNING * * *
You suddenly lose the ability to move!
The hornet stings you!
You die...

....##..........#
.............##
.##.........#
#........###
..........# .
..##......### .
.. #........## .
..........# .
.......@# .
........y# .
........#.. .
....!...... .
....#. .#


You could see a hornet.

Vanquished Creatures
  A water moccasin (D:6)
  A scorpion (D:4)
  A howler monkey (D:4)
  2 hounds (D:4)
  A bullfrog skeleton (D:5)
  Jessica (D:2)
  An iguana (D:4)
  Terence (D:2)
  2 worker ants
  An orc wizard (D:4)
  8 adders
  3 gnolls (D:6)
  A white imp (D:5)
  An ooze (D:1)
  An adder skeleton (D:4)
  8 worms
  2 dart slugs
  4 leopard geckos
  13 orcs
  A ball python (D:4)
  8 bats
  5 giant cockroaches
  10 goblins
  11 hobgoblins
  9 jackals
  13 kobolds
  2 quokkas
  3 frilled lizards
  3 rats (D:1)
118 creatures vanquished.

Vanquished Creatures (others)
  136 plants
136 creatures vanquished.

Grand Total: 254 creatures vanquished

Notes
Turn   | Place    | Note
-------+----------+-------------------------------------------
     0 | D:1      | Borgoz the Kobold Gladiator began the quest for the Orb.
     0 | D:1      | Reached XP level 1. HP: 12/12 MP: 1/1
    36 | D:1      | Reached XP level 2. HP: 7/18 MP: 2/2
   476 | D:1      | Reached XP level 3. HP: 22/22 MP: 3/3
  1154 | D:2      | Reached XP level 4. HP: 27/27 MP: 4/4
  1481 | D:2      | Noticed Terence
  1488 | D:2      | Killed Terence
  1534 | D:2      | Noticed Jessica
  1545 | D:2      | Killed Jessica
  1546 | D:2      | Reached XP level 5. HP: 31/32 MP: 5/5
  1798 | D:2      | Reached skill level 5 in Short Blades
  2700 | D:3      | Found a broken altar of Ashenzari.
  3368 | D:3      | Reached XP level 6. HP: 37/37 MP: 6/6
  3816 | D:4      | Found a bloodstained altar of Trog.
  3839 | D:4      | Reached skill level 5 in Dodging
  4200 | D:4      | Reached XP level 7. HP: 34/43 MP: 7/7
  4516 | D:4      | Found a hazy altar of Hepliaklqana.
  4711 | D:5      | Entered Level 5 of the Dungeon
  4812 | D:6      | HP: 2/44 [gnoll/+0 halberd (5)]
  4838 | D:6      | Noticed a water moccasin
  4848 | D:6      | Killed a water moccasin
  5088 | D:6      | Found a large runed translucent door.
  5088 | D:6      | Found a large runed translucent door.
  5192 | D:5      | Noticed a hornet
  5198 | D:5      | Paralysed by a hornet for 1 turns
  5198 | D:5      | Slain by a hornet

Illustrated notes

Levels and vault maps discovered:
D:1:      roderic_crop_circles_arrival_small, layout_rooms
D:2:      layout_loops_ring, serial_forest, infiniplex_forest_clump_long,
          infiniplex_forest_straight_4, infiniplex_forest_clump_double,
          infiniplex_forest_3_way, infiniplex_forest_clump_curved,
          infiniplex_forest_lined_1, infiniplex_forest_join, uniq_terence,
          uniq_jessica
D:3:      layout_basic, old_standard_altar
D:4:      layout_basic, bloody_trog, marbit_many_paths
D:5:      layout_cave_pools, minmay_overflow_temple_star_quad,
          nicolae_zen_rock_garden
D:6:      layout_loops_ring, ebering_ghost_disaster_area,
          kennysheep_generic_room_11, uniq_sigmund, uniq_prince_ribbit1

Skill      XL: |  1  2  3  4  5  6  7 |
---------------+----------------------+-----
Dodging        | 4 5 6 |  6.0
Fighting       | 3 4 |  4.9
Throwing       | 3 4 |  4.9
Short Blades   | 5 6 |  6.6

Action                   |  1- 3 |  4- 6 |  7- 9 || total
-------------------------+-------+-------+-------++-------
Melee: Rapier            |   134 |   280 |   116 ||   530
Throw: Throwing net      |       |       |     3 ||     3
  Use: Scroll            |     5 |     6 |     1 ||    12
       Potion            |       |       |     4 ||     4
 Stab: Sleeping          |     4 |     5 |       ||     9
       Distracted        |       |     2 |       ||     2
       Held in net/web   |       |       |     1 ||     1
Armor: Leather armour    |    20 |       |       ||    20
       Scale mail        |       |    58 |    36 ||    94
Dodge: Dodged            |   121 |   184 |    95 ||   400

Table legend: (Time is in decaauts)
 A = Elapsed time spent in this place.
 B = Non-inter-level travel time spent in this place.
 C = Inter-level travel time spent in this place.
 D = Time resting spent in this place.
 E = Time spent auto-exploring this place.
 F = Levels seen in this place.
 G = Mean time per level.
                   A        B        C        D        E       F      G
               +--------+--------+--------+--------+--------+-----+--------+
         Total |   5167 |   5107 |     60 |   1346 |   2912 |   6 |  861.2 |
       Dungeon |   5167 |   5107 |     60 |   1346 |   2912 |   6 |  861.2 |
               +--------+--------+--------+--------+--------+-----+--------+

Top non-repeatable levels by time:
     D:2: 1488 daAuts
     D:1: 1126 daAuts
     D:3: 1087 daAuts
     D:4: 984 daAuts
     D:6: 285 daAuts
     D:5: 194 daAuts
